 Dungeon Crawl Stone Soup version 0.17-a0-2147-gfb20a63 (webtiles) character file.

54 truemonolith the Charmwright (level 3, -2/24 HPs)
             Began as a High Elf Skald on Oct 24, 2015.
             Slain by a gnoll (4 damage)
             ... on level 2 of the Dungeon.
             The game lasted 00:03:12 (1345 turns).

truemonolith the Charmwright (High Elf Skald)       Turns: 1345, Time: 00:03:12

Health: -2/24      AC:  6    Str: 12    XL:     3   Next: 66%
Magic:  3/9        EV: 11    Int: 20    God:
Gold:   92         SH:  0    Dex: 18    Spells: 3 memorised, 4 levels left

rFire  + . .     SeeInvis .     a - +0 falchion
rCold  + . .     Clarity  .     b - +0 leather armour
rNeg   . . .     SustAt   .     (no shield)
rPois  +         Gourm    .     (no helmet)
rElec  +         Spirit   .     (no cloak)
rCorr  +         Warding  .     k - +2 pair of gloves {Dex+3}
rMut   .         Stasis   .     (no boots)
MR     .....                    (no amulet)
Stlth  +.........               (no ring)
                                (no ring)

@: brilliant, resistant, infused, singing (expiring), very slightly
contaminated, invisible, not resistant to hostile enchantments, very unstealthy
A: no striking features
a: Stop Singing


You were on level 2 of the Dungeon.
You were not hungry.

You visited 1 branch of the dungeon, and saw 2 of its levels.

You collected 92 gold pieces.

Inventory:

Hand Weapons
 a - a +0 falchion (weapon)
Armour
 b - a +0 leather armour (worn)
 k - a +2 pair of gloves of dexterity (worn)
Jewellery
 j - an uncursed ring of flight {unknown}
 n - an uncursed amulet of rage {unknown}
Wands
 p - a wand of flame (22)
Scrolls
 f - a scroll of identify {unknown}
 g - a scroll of random uselessness {unknown}
 i - 2 scrolls of teleportation {unknown}
 l - a scroll of recharging {unknown}
 o - a scroll of fear {unknown}
 r - a scroll of immolation {unknown}
Potions
 h - a potion of resistance
Books
 c - a book of Battle

   Spells                             Type                      Level
   a - Infusion                       Charms                       1
   b - Shroud of Golubria             Charms/Translocation         2
   c - Song of Slaying                Charms                       2
   d - Spectral Weapon                Hexes/Charms                 3
   e - Regeneration                   Charms/Necromancy            3
Comestibles
 d - a bread ration
 q - 3 fruits
 t - a beef jerky


   Skills:
 - Level 2.0 Fighting
 + Level 3.2 Long Blades
 - Level 0.8 Armour
 - Level 1.1 Dodging
 + Level 3.5 Spellcasting
 + Level 4.3 Charms


You had 4 spell levels left.
You knew the following spells:

 Your Spells              Type           Power        Failure   Level  Hunger
a - Infusion              Chrm           ####..       1%          1    None
b - Song of Slaying       Chrm           ####....     1%          2    ##.....
c - Shroud of Golubria    Chrm/Tloc      ###.......   1%          2    ##.....


Dungeon Overview and Level Annotations

Branches:
Dungeon (2/15)

Altars:


Message History

You fade into invisibility!
The gnoll barely misses you.
You are very lightly contaminated with residual magic.
You catch the helpless gnoll completely off-guard!
You hit the gnoll.
You kill the gnoll!
The gnoll misses you.
You closely miss the gnoll. The gnoll closely misses you.
You closely miss the gnoll. The gnoll misses you.
You barely miss the gnoll. The gnoll closely misses you. The gnoll hits you.
* * * LOW HITPOINT WARNING * * *
You closely miss the gnoll. The gnoll closely misses you.
You closely miss the gnoll.
Your song is almost over.
The gnoll barely misses you.
Casting: Song of Slaying
Confirm with . or Enter, or press ? or * to list all spells.
You begin infusing your attacks with magical energy.
The gnoll hits you.
You die...

#.# #.# #.# #.# #######.#
#.# #...g...#####.#
#[#######.....# #####.#
#.##### #
###....รท#######.#
..#.###.......#.# ####.#.#
#.###..@g.#######
.....#.###.####..#.......#
###......#.....).#.#####.#
..#....#.#..####.#.# #.#
#...#.##.#..#......#####.#
.#..#.##.#..#............#
.#.(...#.####.#....#######
.#.....#.#....#....#
.#####.#.#.####.####


You could see a gnoll.

Vanquished Creatures
  3 gnolls (D:2)
  A giant gecko (D:1)
  3 giant cockroaches (D:1)
  A goblin (D:1)
  4 hobgoblins (D:2)
  2 kobolds (D:2)
  A quokka (D:2)
  3 bats (D:1)
  7 giant newts
  3 rats (D:1)
28 creatures vanquished.

Notes
Turn   | Place    | Note
--------------------------------------------------------------
     0 | D:1      | truemonolith the High Elf Skald began the quest for the Orb.
     0 | D:1      | Reached XP level 1. HP: 14/14 MP: 4/4
   144 | D:1      | Reached XP level 2. HP: 14/19 MP: 6/6
   176 | D:1      | Learned a level 2 spell: Song of Slaying
   179 | D:1      | Learned a level 2 spell: Shroud of Golubria
   349 | D:1      | Reached skill level 4 in Charms
  1273 | D:2      | Reached XP level 3. HP: 24/24 MP: 3/8
  1345 | D:2      | Slain by a gnoll

Vault maps used:
D:1:      dpeg_arrival_round_b, roderic_aztec_sauvastika

Action                   || total
-------------------------++-------
Melee: Falchion          ||   105
 Cast: Infusion          ||     5
       Song of Slaying   ||     1
  Use: Potion            ||     4
 Stab: Sleeping          ||     1
       Invisible         ||     1
  Eat: Bread ration      ||     1
